Sharks vs Devils

Created - 27 novembre 2012 at 22:07

Goals
1 2 3 OT1 SO T
Sharks 1 1 2 0 0 4
Devils 3 0 1 0 1 5
Shots
1 2 3 OT1 SO T
Sharks 6 4 17 2 3 29
Devils 16 12 7 2 2 37

1st period

1. Devils , George Parros 1 (Olli Jokinen, Sergei Zubov) at 3:12
2. Devils , Marian Hossa 6 (Ramzi Abid, Sydney Crosby) at 3:35 (PP)
3. Sharks , Vitaly Vishnevsky 1 (Daniel Sedin, Henrik Sedin) at 4:29 (PP)
4. Devils , George Parros 2 (Sergei Zubov, Olli Jokinen) at 6:38

Penalties :
Henrik Sedin (SJS) for Tripping (Minor) at 3:27, Sergei Zubov (NJD) for Hooking (Minor) at 4:01, Georges Laraque (SJS) for Interference (Minor) at 18:09

2nd period

5. Sharks , Milan Hejduk 1 (Vitaly Vishnevsky) at 7:26 (SH)

Penalties :
Andrei Markov (SJS) for Hooking (Minor) at 6:33

3rd period

6. Devils , Ramzi Abid 2 (Marian Hossa, Sydney Crosby) at 1:27 (PP)
7. Sharks , Mikko Koivu 1 (Ryan Malone, Milan Hejduk) at 11:11 (PP)
8. Sharks , Bates Battaglia 1 (Adam Mair, Andrei Markov) at 11:47

Penalties :
Andrei Markov (SJS) for Hooking (Minor) at 0:33, Ramzi Abid (NJD) for Roughing (Minor) at 3:19, Ryan Malone (SJS) for Interference (Minor) at 3:19, Olli Jokinen (NJD) for Interference (Minor) at 10:55

Overtime #1

No Goal

Penalties :
No Penalty

Shootout

Penalty Shot by Henrik Sedin for Sharks - Stopped by Maxime Daigneault
Penalty Shot by Marian Hossa for Devils - Goal!
Penalty Shot by Daniel Sedin for Sharks - Shot Misses the Net
Penalty Shot by Sydney Crosby for Devils - Shot Misses the Net
Penalty Shot by Georges Laraque for Sharks - Shot Misses the Net

Penalties :
No Penalty

Goalie Stats

Martin Biron (SJS), 33 saves from 37 shots - (0,892), OTL, 1-1-1, 65:00 minutes
Maxime Daigneault (NJD), 25 saves from 29 shots - (0,862), W, 1-0-0, 65:00 minutes

Players Stats for Sharks

Player Name              G  A  P  +/- PIM S  H  SB GA TA FO     MP     PP MP  PK MP  
------------------------------------------------------------------------------------
Adam Mair                0  1  1   1  0   0  1  1  1  0  0/2    10:38   0:00   0:23 
Andrei Markov            0  1  1   0  4   2  4  1  1  0  0/0    26:09   0:44   1:17 
Bates Battaglia          1  0  1   1  0   2  0  0  1  0  0/1    11:34   0:00   0:37 
Dan Girardi              0  0  0  -1  0   0  2  4  1  1  0/0    22:10   0:00   1:49 
Daniel Sedin             0  1  1  -2  0   2  1  1  1  0  1/1    23:49   0:28   3:30 
Danny Syvret             0  0  0   1  0   0  0  1  0  1  0/0    17:37   0:00   1:54 
David Hale               0  0  0  -1  0   1  2  2  0  1  0/0    22:10   0:00   1:49 
Georges Laraque          0  0  0  -1  2   1  3  0  1  0  0/1    20:27   0:28   0:38 
Henrik Sedin             0  1  1  -2  2   5  2  0  1  0  17/34  24:31   0:28   3:22 
Matt Walker              0  0  0   0  0   0  0  1  0  0  0/0    14:24   0:00   0:00 
Mike Fisher              0  0  0   0  0   1  1  1  0  0  5/10   11:52   0:00   0:00 
Mike Johnson             0  0  0   1  0   0  0  0  0  0  0/0    10:15   0:00   0:00 
Mikko Koivu              1  0  1   0  0   2  0  2  0  0  7/13   13:44   0:16   0:00 
Milan Hejduk             1  1  2   1  0   6  0  0  2  0  0/0    17:48   0:16   1:14 
Radim Vrbata             0  0  0   0  0   2  0  0  0  1  0/0    12:22   0:00   0:00 
Ryan Malone              0  1  1   0  2   1  2  0  0  0  0/1    14:28   0:16   0:16 
Tomas Fleischmann        0  0  0   0  0   0  4  0  0  2  0/2    10:42   0:00   0:00 
Vitaly Vishnevsky        1  1  2   1  0   4  1  3  0  1  0/0    28:16   0:44   3:11 

Players Stats for Devils

Player Name              G  A  P  +/- PIM S  H  SB GA TA FO     MP     PP MP  PK MP  
------------------------------------------------------------------------------------
Ben Lovejoy              0  0  0   2  0   0  1  0  0  0  0/0    21:16   0:00   0:28 
Benoit Pouliot           0  0  0   0  0   5  1  0  1  0  1/1    11:47   0:00   0:00 
Chris Kunitz             0  0  0  -1  0   1  1  0  0  0  0/0    17:34   1:51   0:00 
Chris Pronger            0  0  0  -1  0   0  2  0  0  3  0/0    23:37   2:04   0:16 
Dmitri Kalinin           0  0  0  -2  0   2  2  1  0  0  0/0    22:39   2:56   0:28 
Doug Weight              0  0  0  -1  0   3  2  0  1  0  8/13   21:36   1:51   0:44 
George Parros            2  0  2   2  0   2  2  0  1  0  0/0     8:54   0:00   0:16 
Josef Vasicek            0  0  0   0  0   1  0  0  0  0  5/9    13:34   0:00   0:00 
Lee Stempniak            0  0  0   0  0   1  2  0  0  0  0/0    10:58   0:00   0:00 
Marian Hossa             1  1  2  -1  0   4  0  0  0  0  1/4    21:32   3:09   0:00 
Olli Jokinen             0  2  2   2  2   2  2  1  0  0  1/5    11:01   0:00   0:00 
Peter Prucha             0  0  0  -1  0   4  1  0  0  0  0/0    18:53   1:51   0:00 
Raffi Torres             0  0  0   2  0   3  1  0  0  0  0/0     8:38   0:00   0:00 
Ramzi Abid               1  1  2  -1  2   2  1  2  1  1  1/1    22:21   3:09   0:28 
Richard Matvichuk        0  0  0   0  0   0  0  2  0  0  0/0    13:25   0:00   0:00 
Roman Hamrlik            0  0  0   0  0   0  5  0  1  1  0/0    17:30   2:04   0:16 
Sergei Zubov             0  2  2   1  2   3  3  4  1  3  0/0    30:27   2:56   0:00 
Sydney Crosby            0  2  2  -1  0   4  2  0  1  1  18/32  21:32   3:09   0:00 

3 Stars

1 - George Parros (NJD)
2 - Vitaly Vishnevsky (SJS)
3 - Milan Hejduk (SJS)

Power Play

Sharks - 2 on 2 Attempt(s) - 100,00%
Devils - 2 on 4 Attempt(s) - 50,00%

Penalty Kill

Sharks - 2 on 4 Attempt(s) - 50,00% - Score 1 goal in Penalty Kill
Devils - 0 on 2 Attempt(s) - 0,00% - Score 0 goal in Penalty Kill

Official

Referees : Rooney Chris and Walkom Stephen
Linesman : Greg Devorski and Derek Amell

Game Notes

No Game Note

Finance

Level 1 -- Attendance: 4232 (70,53%) -- Ticket Income 465 520 $
Level 2 -- Attendance: 3693 (73,86%) -- Ticket Income 221 580 $
Level 3 -- Attendance: 1234 (61,70%) -- Ticket Income 49 360 $
Level 4 -- Attendance: 2875 (71,88%) -- Ticket Income 71 875 $
Luxury Box -- Attendance: 599 (59,90%) -- Ticket Income 149 750 $
Total Attendance: 12633 (70,18%)
Total Ticket Income: 958 085 $
Total Income: 958 085 $

Sharks

5 vs 5 Forward 
   Center                   Left Wing                Right Wing               Time % Phy DF OF 
 1 Henrik Sedin             Daniel Sedin             Georges Laraque          40     1   2  2  
 2 Mikko Koivu              Ryan Malone              Milan Hejduk             30     1   2  2  
 3 Mike Fisher              Tomas Fleischmann        Radim Vrbata             20     1   2  2  
 4 Adam Mair                Bates Battaglia          Mike Johnson             10     1   2  2  

5 vs 5 Defense 
   Defense                  Defense                                           Time % Phy DF OF 
 1 Vitaly Vishnevsky        Andrei Markov                                     40     1   2  2  
 2 Dan Girardi              David Hale                                        30     1   2  2  
 3 Matt Walker              Danny Syvret                                      20     1   2  2  
 4 Vitaly Vishnevsky        Andrei Markov                                     10     1   2  2  

PowerPlay Forward 
   Center                   Left Wing                Right Wing               Time % Phy DF OF 
 1 Henrik Sedin             Daniel Sedin             Georges Laraque          60     1   2  2  
 2 Mikko Koivu              Ryan Malone              Milan Hejduk             40     1   2  2  

PowerPlay Defense
   Defense                  Defense                                           Time % Phy DF OF 
 1 Vitaly Vishnevsky        Andrei Markov                                     60     1   2  2  
 2 Dan Girardi              David Hale                                        40     1   2  2  

Penalty Kill 4 Players Forward 
   Center                   Wing                     Time % Phy DF OF 
 1 Henrik Sedin             Daniel Sedin             60     1   2  2  
 2 Georges Laraque          Milan Hejduk             40     1   2  2  

Penalty Kill 4 Players Defense
   Defense                  Defense                  Time % Phy DF OF 
 1 Vitaly Vishnevsky        Andrei Markov            60     1   2  2  
 2 Dan Girardi              David Hale               40     1   2  2  

Penalty Kill - 3 Players Forward 
   Forward                                           Time % Phy DF OF 
 1 Henrik Sedin                                      60     1   2  2  
 2 Daniel Sedin                                      40     1   2  2  

Penalty Kill - 3 Players Defense
   Defense                  Defense                  Time % Phy DF OF 
 1 Vitaly Vishnevsky        Andrei Markov            60     1   2  2  
 2 Dan Girardi              David Hale               40     1   2  2  

4 vs 4 Forward 
   Center                   Wing                     Time % Phy DF OF 
 1 Henrik Sedin             Daniel Sedin             60     1   2  2  
 2 Georges Laraque          Milan Hejduk             40     1   2  2  

4 vs 4 Defense
   Defense                  Defense                  Time % Phy DF OF 
 1 Vitaly Vishnevsky        Andrei Markov            60     1   2  2  
 2 Dan Girardi              David Hale               40     1   2  2  

Last Minutes Offensive
   Center                   Left Wing                Right Wing               Defense                  Defense                  
   Henrik Sedin             Daniel Sedin             Georges Laraque          Vitaly Vishnevsky        Andrei Markov            

Last Minutes Defensive
   Center                   Left Wing                Right Wing               Defense                  Defense                  
   Henrik Sedin             Daniel Sedin             Georges Laraque          Vitaly Vishnevsky        Andrei Markov            

Goaltenders
Starting : Martin Biron             
Backup : Pascal Leclaire          

Extra Forwards
Normal : Mike Fisher, Radim Vrbata, Bates Battaglia - PP : Mike Fisher, Radim Vrbata - PK : Bates Battaglia
Extra Defensemen
Normal : Matt Walker, Danny Syvret, Dan Girardi - PP : Matt Walker - PK : Danny Syvret, Dan Girardi
Penalty Shots
Henrik Sedin, Daniel Sedin, Georges Laraque, Milan Hejduk, Mikko Koivu

Devils

5 vs 5 Forward 
   Center                   Left Wing                Right Wing               Time % Phy DF OF 
 1 Sydney Crosby            Ramzi Abid               Marian Hossa             40     1   2  2  
 2 Doug Weight              Chris Kunitz             Peter Prucha             30     1   2  2  
 3 Josef Vasicek            Benoit Pouliot           Lee Stempniak            20     1   2  2  
 4 Olli Jokinen             Raffi Torres             George Parros            10     1   2  2  

5 vs 5 Defense 
   Defense                  Defense                                           Time % Phy DF OF 
 1 Sergei Zubov             Ben Lovejoy                                       40     1   2  2  
 2 Dmitri Kalinin           Chris Pronger                                     30     1   2  2  
 3 Richard Matvichuk        Roman Hamrlik                                     20     1   2  2  
 4 Sergei Zubov             Chris Pronger                                     10     1   2  2  

PowerPlay Forward 
   Center                   Left Wing                Right Wing               Time % Phy DF OF 
 1 Sydney Crosby            Ramzi Abid               Marian Hossa             60     1   2  2  
 2 Doug Weight              Chris Kunitz             Peter Prucha             40     1   2  2  

PowerPlay Defense
   Defense                  Defense                                           Time % Phy DF OF 
 1 Sergei Zubov             Dmitri Kalinin                                    60     1   2  2  
 2 Roman Hamrlik            Chris Pronger                                     40     1   2  2  

Penalty Kill 4 Players Forward 
   Center                   Wing                     Time % Phy DF OF 
 1 Doug Weight              Ramzi Abid               60     1   2  2  
 2 Sydney Crosby            Marian Hossa             40     1   2  2  

Penalty Kill 4 Players Defense
   Defense                  Defense                  Time % Phy DF OF 
 1 Sergei Zubov             Dmitri Kalinin           60     1   2  2  
 2 Chris Pronger            Roman Hamrlik            40     1   2  2  

Penalty Kill - 3 Players Forward 
   Forward                                           Time % Phy DF OF 
 1 Doug Weight                                       60     1   2  2  
 2 Sydney Crosby                                     40     1   2  2  

Penalty Kill - 3 Players Defense
   Defense                  Defense                  Time % Phy DF OF 
 1 Sergei Zubov             Chris Pronger            60     1   2  2  
 2 Dmitri Kalinin           Roman Hamrlik            40     1   2  2  

4 vs 4 Forward 
   Center                   Wing                     Time % Phy DF OF 
 1 Doug Weight              Ramzi Abid               60     1   2  2  
 2 Sydney Crosby            Marian Hossa             40     1   2  2  

4 vs 4 Defense
   Defense                  Defense                  Time % Phy DF OF 
 1 Sergei Zubov             Dmitri Kalinin           60     1   2  2  
 2 Chris Pronger            Roman Hamrlik            40     1   2  2  

Last Minutes Offensive
   Center                   Left Wing                Right Wing               Defense                  Defense                  
   Sydney Crosby            Ramzi Abid               Marian Hossa             Sergei Zubov             Chris Pronger            

Last Minutes Defensive
   Center                   Left Wing                Right Wing               Defense                  Defense                  
   Sydney Crosby            Ramzi Abid               Marian Hossa             Sergei Zubov             Chris Pronger            

Goaltenders
Starting : Maxime Daigneault        
Backup : Ryan Miller              

Extra Forwards
Normal : Olli Jokinen, Josef Vasicek, Peter Prucha - PP : Olli Jokinen, Josef Vasicek - PK : George Parros
Extra Defensemen
Normal : Richard Matvichuk, Ben Lovejoy, Dmitri Kalinin - PP : Richard Matvichuk - PK : Ben Lovejoy, Dmitri Kalinin
Penalty Shots
Marian Hossa, Sydney Crosby, Ramzi Abid, Doug Weight, Benoit Pouliot

% Time on Ice - Sharks

Lines # - Real PCT - Wanted PCT - Time Play
Normal Forward
1 - 32% - 40% - 16:41
2 - 28% - 30% - 14:39
3 - 20% - 20% - 10:42
4 - 20% - 10% - 10:15
Normal Defense
1 - 37% - 40% - 19:21
2 - 34% - 30% - 17:53
3 - 26% - 20% - 13:40
4 - 3% - 10% - 1:23
PP Forward
1 - 64% - 60% - 0:28
2 - 36% - 40% - 0:16
PP Defense
1 - 100% - 60% - 0:44
2 - 0% - 40% - 0:00
PK Forward
1 - 75% - 60% - 3:46
2 - 25% - 40% - 1:14
PK Defense
1 - 64% - 60% - 3:11
2 - 36% - 40% - 1:49
PK3 Forward
1 - 0% - 60%
2 - 0% - 40%
PK3 Defense
1 - 0% - 60%
2 - 0% - 40%
44 Forward
1 - 77% - 60% - 5:22
2 - 23% - 40% - 1:37
44 Defense
1 - 65% - 60% - 4:31
2 - 35% - 40% - 2:28
Last Minute Offensive  - 0:00
Last Minute Defensive  - 0:00
Total
Forward - 65:00
Defense - 65:00

% Time on Ice - Devils

Lines # - Real PCT - Wanted PCT - Time Play
Normal Forward
1 - 32% - 40% - 16:58
2 - 30% - 30% - 15:43
3 - 21% - 20% - 10:58
4 - 17% - 10% - 8:38
Normal Defense
1 - 39% - 40% - 20:35
2 - 30% - 30% - 15:56
3 - 24% - 20% - 12:33
4 - 6% - 10% - 3:13
PP Forward
1 - 63% - 60% - 3:09
2 - 37% - 40% - 1:51
PP Defense
1 - 59% - 60% - 2:56
2 - 41% - 40% - 2:04
PK Forward
1 - 100% - 60% - 0:44
2 - 0% - 40% - 0:00
PK Defense
1 - 64% - 60% - 0:28
2 - 36% - 40% - 0:16
PK3 Forward
1 - 0% - 60%
2 - 0% - 40%
PK3 Defense
1 - 0% - 60%
2 - 0% - 40%
44 Forward
1 - 76% - 60% - 5:19
2 - 24% - 40% - 1:40
44 Defense
1 - 68% - 60% - 4:43
2 - 32% - 40% - 2:16
Last Minute Offensive  - 0:00
Last Minute Defensive  - 0:00
Total
Forward - 65:00
Defense - 65:00

Play by Play

1st period


0:01 of 1st period - Sydney Crosby wins face-off versus Henrik Sedin in neutral zone.
0:08 of 1st period - Vitaly Vishnevsky is hit by Sergei Zubov.
0:09 of 1st period - Icing by Vitaly Vishnevsky.
0:10 of 1st period - Henrik Sedin wins face-off versus Marian Hossa in Sharks zone.
0:20 of 1st period - Off-side.
0:21 of 1st period - Mikko Koivu wins face-off versus Doug Weight in neutral zone.
0:30 of 1st period - Wrist shot by Mikko Koivu.
0:30 of 1st period - Deflect By Milan Hejduk.
0:30 of 1st period - Shot Misses the Net.
0:30 of 1st period - Puck is out of play.
0:31 of 1st period - Doug Weight wins face-off versus Mikko Koivu in Devils zone.
0:52 of 1st period - Slapshot by Milan Hejduk.
0:52 of 1st period - Shot Misses the Net.
0:54 of 1st period - Slapshot by David Hale.
0:54 of 1st period - Deflect By Chris Kunitz.
0:54 of 1st period - Stopped by Maxime Daigneault with a rebound.
1:43 of 1st period - Slapshot by Milan Hejduk.
1:43 of 1st period - Stopped by Maxime Daigneault without a rebound.
1:44 of 1st period - Josef Vasicek wins face-off versus Mike Fisher in Devils zone.
2:05 of 1st period - Matt Walker is hit by Lee Stempniak and loses puck.
2:59 of 1st period - Richard Matvichuk is hit by Tomas Fleischmann and loses puck.
3:12 of 1st period - Wrist shot by George Parros.
3:12 of 1st period - Goal by George Parros - Sharks : 0 - Devils : 1.
3:13 of 1st period - Henrik Sedin wins face-off versus Sydney Crosby in neutral zone.
3:24 of 1st period - Wrist shot by Marian Hossa.
3:24 of 1st period - Shot Blocked by Vitaly Vishnevsky.
3:26 of 1st period - Slapshot by Sergei Zubov.
3:26 of 1st period - Shot Misses the Net.
3:27 of 1st period - Minor Penalty to Henrik Sedin for Tripping.
3:28 of 1st period - Sydney Crosby wins face-off versus Bates Battaglia in Sharks zone.
3:35 of 1st period - Slapshot by Marian Hossa.
3:35 of 1st period - Goal by Marian Hossa - Sharks : 0 - Devils : 2.
3:36 of 1st period - Sydney Crosby wins face-off versus Henrik Sedin in neutral zone.
4:01 of 1st period - Minor Penalty to Sergei Zubov for Hooking.
4:02 of 1st period - Doug Weight wins face-off versus Henrik Sedin in Devils zone.
4:13 of 1st period - Wrist shot by Daniel Sedin.
4:13 of 1st period - Shot Misses the Net.
4:15 of 1st period - Snap shot by Daniel Sedin.
4:15 of 1st period - Shot Blocked by Dmitri Kalinin.
4:17 of 1st period - Backhand shot by Vitaly Vishnevsky.
4:17 of 1st period - Stopped by Maxime Daigneault without a rebound.
4:18 of 1st period - Henrik Sedin wins face-off versus Doug Weight in Devils zone.
4:23 of 1st period - Wrist shot by Daniel Sedin.
4:23 of 1st period - Stopped by Maxime Daigneault with a rebound.
4:25 of 1st period - Wrist shot by Vitaly Vishnevsky.
4:25 of 1st period - Shot Misses the Net.
4:27 of 1st period - Slapshot by Vitaly Vishnevsky.
4:27 of 1st period - Shot Blocked by Ramzi Abid.
4:29 of 1st period - Snap shot by Vitaly Vishnevsky.
4:29 of 1st period - Goal by Vitaly Vishnevsky - Sharks : 1 - Devils : 2.
4:30 of 1st period - Sydney Crosby wins face-off versus Henrik Sedin in neutral zone.
4:41 of 1st period - Snap shot by Sydney Crosby.
4:41 of 1st period - Stopped by Martin Biron without a rebound.
4:42 of 1st period - Mike Fisher wins face-off versus Josef Vasicek in Sharks zone.
4:51 of 1st period - Snap shot by Radim Vrbata.
4:51 of 1st period - Stopped by Maxime Daigneault without a rebound.
4:52 of 1st period - Mike Fisher wins face-off versus Josef Vasicek in Devils zone.
5:28 of 1st period - Icing by Chris Pronger.
5:29 of 1st period - Josef Vasicek wins face-off versus Henrik Sedin in Devils zone.
5:36 of 1st period - Wrist shot by Josef Vasicek.
5:36 of 1st period - Stopped by Martin Biron with a rebound.
5:38 of 1st period - Slapshot by Sergei Zubov.
5:38 of 1st period - Shot Misses the Net.
5:40 of 1st period - Wrist shot by Josef Vasicek.
5:40 of 1st period - Shot Misses the Net.
5:42 of 1st period - Slapshot by Chris Pronger.
5:42 of 1st period - Deflect By Benoit Pouliot.
5:42 of 1st period - Shot Misses the Net.
5:42 of 1st period - Puck is out of play.
5:43 of 1st period - Sydney Crosby wins face-off versus Mikko Koivu in Sharks zone.
5:58 of 1st period - Snap shot by Sydney Crosby.
5:58 of 1st period - Shot Misses the Net.
6:36 of 1st period - Snap shot by Sergei Zubov.
6:36 of 1st period - Shot Blocked by Daniel Sedin.
6:38 of 1st period - Snap shot by George Parros.
6:38 of 1st period - Goal by George Parros - Sharks : 1 - Devils : 3.
6:39 of 1st period - Sydney Crosby wins face-off versus Adam Mair in neutral zone.
6:42 of 1st period - Slapshot by Sergei Zubov.
6:42 of 1st period - Shot Blocked by Vitaly Vishnevsky.
7:16 of 1st period - Off-side.
7:17 of 1st period - Josef Vasicek wins face-off versus Henrik Sedin in neutral zone.
7:34 of 1st period - Henrik Sedin is hit by Benoit Pouliot and loses puck.
7:43 of 1st period - Lee Stempniak is hit by Andrei Markov and loses puck.
8:15 of 1st period - Snap shot by Benoit Pouliot.
8:15 of 1st period - Stopped by Martin Biron with a rebound.
8:17 of 1st period - Slapshot by Dmitri Kalinin.
8:17 of 1st period - Stopped by Martin Biron with a rebound.
8:33 of 1st period - Wrist shot by Benoit Pouliot.
8:33 of 1st period - Stopped by Martin Biron without a rebound.
8:34 of 1st period - Sydney Crosby wins face-off versus Mikko Koivu in Sharks zone.
8:41 of 1st period - Snap shot by Sydney Crosby.
8:41 of 1st period - Deflect By Vitaly Vishnevsky.
8:41 of 1st period - Shot Misses the Net.
8:41 of 1st period - Puck is out of play.
8:42 of 1st period - Mikko Koivu wins face-off versus Sydney Crosby in Sharks zone.
9:11 of 1st period - Wrist shot by Olli Jokinen.
9:11 of 1st period - Deflect By Raffi Torres.
9:11 of 1st period - Shot Blocked by Mikko Koivu.
9:11 of 1st period - Puck is out of play.
9:12 of 1st period - Mike Fisher wins face-off versus Olli Jokinen in Sharks zone.
10:45 of 1st period - Richard Matvichuk is hit by Tomas Fleischmann and loses puck.
11:04 of 1st period - Doug Weight is hit by Adam Mair and loses puck.
11:25 of 1st period - Matt Walker is hit by Sergei Zubov and loses puck.
11:36 of 1st period - Wrist shot by Benoit Pouliot.
11:36 of 1st period - Stopped by Martin Biron without a rebound.
11:37 of 1st period - Henrik Sedin wins face-off versus Marian Hossa in Sharks zone.
11:50 of 1st period - Snap shot by Ramzi Abid.
11:50 of 1st period - Stopped by Martin Biron with a rebound.
11:52 of 1st period - Wrist shot by Marian Hossa.
11:52 of 1st period - Shot Misses the Net.
12:21 of 1st period - Snap shot by Radim Vrbata.
12:21 of 1st period - Shot Misses the Net.
13:13 of 1st period - Slapshot by Doug Weight.
13:13 of 1st period - Stopped by Martin Biron with a rebound.
13:57 of 1st period - Icing by Mike Fisher.
13:58 of 1st period - Doug Weight wins face-off versus Mike Fisher in Sharks zone.
15:01 of 1st period - Sergei Zubov is hit by David Hale and loses puck.
15:54 of 1st period - Slapshot by Chris Kunitz.
15:54 of 1st period - Stopped by Martin Biron with a rebound.
15:56 of 1st period - Slapshot by Sergei Zubov.
15:56 of 1st period - Shot Blocked by Andrei Markov.
15:58 of 1st period - Wrist shot by Doug Weight.
15:58 of 1st period - Stopped by Martin Biron with a rebound.
16:00 of 1st period - Snap shot by Peter Prucha.
16:00 of 1st period - Stopped by Martin Biron with a rebound.
16:02 of 1st period - Snap shot by Peter Prucha.
16:02 of 1st period - Stopped by Martin Biron without a rebound.
16:03 of 1st period - Sydney Crosby wins face-off versus Georges Laraque in Sharks zone.
16:19 of 1st period - Off-side.
16:20 of 1st period - Mikko Koivu wins face-off versus Josef Vasicek in neutral zone.
16:46 of 1st period - Daniel Sedin is hit by Sydney Crosby and loses puck.
16:57 of 1st period - Slapshot by Ramzi Abid.
16:57 of 1st period - Shot Misses the Net.
17:13 of 1st period - Wrist shot by Olli Jokinen.
17:13 of 1st period - Shot Misses the Net.
17:15 of 1st period - Slapshot by Dmitri Kalinin.
17:15 of 1st period - Shot Misses the Net.
17:17 of 1st period - Slapshot by Dmitri Kalinin.
17:17 of 1st period - Stopped by Martin Biron with a rebound.
17:19 of 1st period - Snap shot by Olli Jokinen.
17:19 of 1st period - Shot Hit the Post.
17:21 of 1st period - Slapshot by George Parros.
17:21 of 1st period - Shot Blocked by Matt Walker.
17:33 of 1st period - Snap shot by Mike Johnson.
17:33 of 1st period - Shot Blocked by Sergei Zubov.
17:39 of 1st period - Adam Mair is hit by Lee Stempniak and loses puck.
18:09 of 1st period - Minor Penalty to Georges Laraque for Interference.
18:10 of 1st period - Henrik Sedin wins face-off versus Sydney Crosby in Sharks zone.

2nd period


0:01 of 2nd period - Marian Hossa wins face-off versus Henrik Sedin in neutral zone.
0:09 of 2nd period - Penalty to Georges Laraque is over, Georges Laraque is back on ice.
0:26 of 2nd period - Mikko Koivu is hit by Chris Kunitz and loses puck.
1:18 of 2nd period - Wrist shot by Chris Kunitz.
1:18 of 2nd period - Shot Misses the Net.
1:20 of 2nd period - Snap shot by Doug Weight.
1:20 of 2nd period - Shot Misses the Net.
1:22 of 2nd period - Wrist shot by Dmitri Kalinin.
1:22 of 2nd period - Shot Blocked by Adam Mair.
1:24 of 2nd period - Slapshot by Sergei Zubov.
1:24 of 2nd period - Stopped by Martin Biron without a rebound.
1:25 of 2nd period - Sydney Crosby wins face-off versus Henrik Sedin in Sharks zone.
1:26 of 2nd period - Snap shot by Marian Hossa.
1:26 of 2nd period - Shot Misses the Net.
1:34 of 2nd period - Marian Hossa is hit by Daniel Sedin and loses puck.
1:56 of 2nd period - Slapshot by Chris Pronger.
1:56 of 2nd period - Deflect By Benoit Pouliot.
1:56 of 2nd period - Stopped by Martin Biron with a rebound.
2:16 of 2nd period - Matt Walker is hit by George Parros and loses puck.
2:49 of 2nd period - Roman Hamrlik is hit by David Hale.
3:31 of 2nd period - Ryan Malone is hit by Olli Jokinen.
3:55 of 2nd period - Ryan Malone is hit by Peter Prucha and loses puck.
5:17 of 2nd period - Slapshot by Dmitri Kalinin.
5:17 of 2nd period - Shot Misses the Net.
5:51 of 2nd period - Slapshot by Olli Jokinen.
5:51 of 2nd period - Stopped by Martin Biron with a rebound.
5:53 of 2nd period - Wrist shot by Raffi Torres.
5:53 of 2nd period - Stopped by Martin Biron with a rebound.
5:55 of 2nd period - Snap shot by Richard Matvichuk.
5:55 of 2nd period - Shot Blocked by Danny Syvret.
5:57 of 2nd period - Snap shot by Raffi Torres.
5:57 of 2nd period - Stopped by Martin Biron without a rebound.
5:58 of 2nd period - Sydney Crosby wins face-off versus Mikko Koivu in Sharks zone.
6:09 of 2nd period - Snap shot by Mikko Koivu.
6:09 of 2nd period - Shot Misses the Net.
6:13 of 2nd period - Snap shot by Milan Hejduk.
6:13 of 2nd period - Shot Hit the Post.
6:33 of 2nd period - Minor Penalty to Andrei Markov for Hooking.
6:34 of 2nd period - Henrik Sedin wins face-off versus Sydney Crosby in Sharks zone.
7:26 of 2nd period - Backhand shot by Milan Hejduk.
7:26 of 2nd period - Goal by Milan Hejduk - Sharks : 2 - Devils : 3.
7:27 of 2nd period - Daniel Sedin wins face-off versus Sydney Crosby in neutral zone.
7:33 of 2nd period - Icing by Dmitri Kalinin.
7:34 of 2nd period - Sydney Crosby wins face-off versus Henrik Sedin in Devils zone.
7:43 of 2nd period - Snap shot by Sydney Crosby.
7:43 of 2nd period - Stopped by Martin Biron with a rebound.
7:45 of 2nd period - Snap shot by Dmitri Kalinin.
7:45 of 2nd period - Shot Blocked by Dan Girardi.
8:33 of 2nd period - Penalty to Andrei Markov is over, Andrei Markov is back on ice.
9:01 of 2nd period - Snap shot by Georges Laraque.
9:01 of 2nd period - Stopped by Maxime Daigneault with a rebound.
9:51 of 2nd period - Snap shot by Georges Laraque.
9:51 of 2nd period - Deflect By Milan Hejduk.
9:51 of 2nd period - Shot Misses the Net.
9:51 of 2nd period - Puck is out of play.
9:52 of 2nd period - Sydney Crosby wins face-off versus Mike Fisher in Devils zone.
9:52 of 2nd period - Sydney Crosby is hit by Tomas Fleischmann.
10:02 of 2nd period - Backhand shot by Sydney Crosby.
10:02 of 2nd period - Stopped by Martin Biron without a rebound.
10:03 of 2nd period - Mike Fisher wins face-off versus Sydney Crosby in Sharks zone.
10:16 of 2nd period - Ben Lovejoy is hit by Tomas Fleischmann and loses puck.
10:23 of 2nd period - Radim Vrbata is hit by Ben Lovejoy and loses puck.
11:05 of 2nd period - Slapshot by Sergei Zubov.
11:05 of 2nd period - Shot Misses the Net.
11:51 of 2nd period - Wrist shot by Doug Weight.
11:51 of 2nd period - Shot Misses the Net.
13:31 of 2nd period - Wrist shot by Doug Weight.
13:31 of 2nd period - Stopped by Martin Biron with a rebound.
13:33 of 2nd period - Wrist shot by Doug Weight.
13:33 of 2nd period - Shot Misses the Net.
13:35 of 2nd period - Wrist shot by Doug Weight.
13:35 of 2nd period - Shot Misses the Net.
13:43 of 2nd period - Slapshot by Peter Prucha.
13:43 of 2nd period - Stopped by Martin Biron with a rebound.
13:45 of 2nd period - Snap shot by Chris Kunitz.
13:45 of 2nd period - Shot Blocked by Dan Girardi.
13:47 of 2nd period - Slapshot by Peter Prucha.
13:47 of 2nd period - Stopped by Martin Biron with a rebound.
14:46 of 2nd period - Snap shot by Chris Kunitz.
14:46 of 2nd period - Shot Misses the Net.
14:48 of 2nd period - Slapshot by Sergei Zubov.
14:48 of 2nd period - Stopped by Martin Biron without a rebound.
14:49 of 2nd period - Henrik Sedin wins face-off versus Sydney Crosby in Sharks zone.
15:11 of 2nd period - Icing by Andrei Markov.
15:12 of 2nd period - Mikko Koivu wins face-off versus Josef Vasicek in Sharks zone.
15:21 of 2nd period - Slapshot by Vitaly Vishnevsky.
15:21 of 2nd period - Deflect By Lee Stempniak.
15:21 of 2nd period - Stopped by Maxime Daigneault without a rebound.
15:22 of 2nd period - Henrik Sedin wins face-off versus Sydney Crosby in Devils zone.
15:25 of 2nd period - Wrist shot by Daniel Sedin.
15:25 of 2nd period - Shot Blocked by Ramzi Abid.
15:27 of 2nd period - Slapshot by Georges Laraque.
15:27 of 2nd period - Deflect By Henrik Sedin.
15:27 of 2nd period - Shot Blocked by Richard Matvichuk.
15:27 of 2nd period - Puck is out of play.
15:28 of 2nd period - Henrik Sedin wins face-off versus Sydney Crosby in Devils zone.
15:53 of 2nd period - Wrist shot by Milan Hejduk.
15:53 of 2nd period - Stopped by Maxime Daigneault with a rebound.
17:19 of 2nd period - Off-side.
17:20 of 2nd period - Olli Jokinen wins face-off versus Tomas Fleischmann in neutral zone.
17:35 of 2nd period - Andrei Markov is hit by Roman Hamrlik and loses puck.
17:46 of 2nd period - Chris Pronger is hit by Ryan Malone and loses puck.
17:53 of 2nd period - Ryan Malone is hit by Roman Hamrlik and loses puck.
18:11 of 2nd period - Danny Syvret is hit by Chris Pronger and loses puck.
18:16 of 2nd period - Backhand shot by Benoit Pouliot.
18:16 of 2nd period - Stopped by Martin Biron with a rebound.
18:56 of 2nd period - Lee Stempniak is hit by Georges Laraque and loses puck.
19:12 of 2nd period - Icing by Josef Vasicek.
19:13 of 2nd period - Henrik Sedin wins face-off versus Olli Jokinen in Devils zone.
19:17 of 2nd period - Icing by Josef Vasicek.
19:18 of 2nd period - Henrik Sedin wins face-off versus Olli Jokinen in Devils zone.
19:37 of 2nd period - Richard Matvichuk is hit by Andrei Markov and loses puck.
19:56 of 2nd period - Snap shot by Radim Vrbata.
19:56 of 2nd period - Shot Blocked by Olli Jokinen.
19:58 of 2nd period - Wrist shot by Radim Vrbata.
19:58 of 2nd period - Shot Blocked by Richard Matvichuk.

3rd period


0:01 of 3rd period - Henrik Sedin wins face-off versus Sydney Crosby in neutral zone.
0:04 of 3rd period - Sergei Zubov is hit by Henrik Sedin and loses puck.
0:09 of 3rd period - Snap shot by Henrik Sedin.
0:09 of 3rd period - Deflect By Georges Laraque.
0:09 of 3rd period - Shot Blocked by Sergei Zubov.
0:09 of 3rd period - Puck is out of play.
0:10 of 3rd period - Henrik Sedin wins face-off versus Marian Hossa in Devils zone.
0:22 of 3rd period - Wrist shot by Henrik Sedin.
0:22 of 3rd period - Stopped by Maxime Daigneault with a rebound.
0:33 of 3rd period - Minor Penalty to Andrei Markov for Hooking.
0:34 of 3rd period - Ramzi Abid wins face-off versus Henrik Sedin in Sharks zone.
1:10 of 3rd period - Off-side.
1:11 of 3rd period - Sydney Crosby wins face-off versus Henrik Sedin in neutral zone.
1:14 of 3rd period - Dan Girardi is hit by Roman Hamrlik and loses puck.
1:27 of 3rd period - Snap shot by Ramzi Abid.
1:27 of 3rd period - Goal by Ramzi Abid - Sharks : 2 - Devils : 4.
1:28 of 3rd period - Sydney Crosby wins face-off versus Henrik Sedin in neutral zone.
2:18 of 3rd period - Wrist shot by Bates Battaglia.
2:18 of 3rd period - Stopped by Maxime Daigneault with a rebound.
2:49 of 3rd period - Snap shot by Henrik Sedin.
2:49 of 3rd period - Stopped by Maxime Daigneault with a rebound.
3:12 of 3rd period - Icing by Danny Syvret.
3:13 of 3rd period - Mikko Koivu wins face-off versus Sydney Crosby in Sharks zone.
3:19 of 3rd period - Minor Penalty to Ramzi Abid for Roughing.
3:19 of 3rd period - Minor Penalty to Ryan Malone for Interference.
3:20 of 3rd period - Henrik Sedin wins face-off versus Olli Jokinen in Devils zone.
3:31 of 3rd period - Slapshot by Sergei Zubov.
3:31 of 3rd period - Deflect By Henrik Sedin.
3:31 of 3rd period - Stopped by Martin Biron without a rebound.
3:32 of 3rd period - Doug Weight wins face-off versus Henrik Sedin in Sharks zone.
3:41 of 3rd period - Snap shot by Olli Jokinen.
3:41 of 3rd period - Stopped by Martin Biron without a rebound.
3:42 of 3rd period - Doug Weight wins face-off versus Henrik Sedin in Sharks zone.
3:49 of 3rd period - Dmitri Kalinin is hit by Andrei Markov and loses puck.
4:00 of 3rd period - Slapshot by Daniel Sedin.
4:00 of 3rd period - Shot Blocked by Sergei Zubov.
4:02 of 3rd period - Snap shot by Henrik Sedin.
4:02 of 3rd period - Stopped by Maxime Daigneault with a rebound.
4:04 of 3rd period - Slapshot by Vitaly Vishnevsky.
4:04 of 3rd period - Stopped by Maxime Daigneault with a rebound.
4:06 of 3rd period - Backhand shot by Henrik Sedin.
4:06 of 3rd period - Shot Misses the Net.
4:08 of 3rd period - Slapshot by Daniel Sedin.
4:08 of 3rd period - Shot Misses the Net.
4:10 of 3rd period - Snap shot by Henrik Sedin.
4:10 of 3rd period - Stopped by Maxime Daigneault without a rebound.
4:11 of 3rd period - Doug Weight wins face-off versus Henrik Sedin in Devils zone.
4:42 of 3rd period - Doug Weight is hit by Henrik Sedin and loses puck.
5:19 of 3rd period - Penalty to Ramzi Abid is over, Ramzi Abid is back on ice.
5:19 of 3rd period - Penalty to Ryan Malone is over, Ryan Malone is back on ice.
5:23 of 3rd period - Snap shot by Radim Vrbata.
5:23 of 3rd period - Stopped by Maxime Daigneault without a rebound.
5:24 of 3rd period - Sydney Crosby wins face-off versus Mikko Koivu in Devils zone.
5:33 of 3rd period - Wrist shot by Sydney Crosby.
5:33 of 3rd period - Shot Blocked by David Hale.
6:21 of 3rd period - Wrist shot by Henrik Sedin.
6:21 of 3rd period - Shot Blocked by Sergei Zubov.
6:31 of 3rd period - Vitaly Vishnevsky is hit by George Parros and loses puck.
6:40 of 3rd period - Snap shot by Raffi Torres.
6:40 of 3rd period - Shot Blocked by Mikko Koivu.
6:42 of 3rd period - Snap shot by Raffi Torres.
6:42 of 3rd period - Stopped by Martin Biron with a rebound.
6:56 of 3rd period - Wrist shot by Marian Hossa.
6:56 of 3rd period - Stopped by Martin Biron without a rebound.
6:57 of 3rd period - Sydney Crosby wins face-off versus Adam Mair in Sharks zone.
7:32 of 3rd period - David Hale is hit by Doug Weight and loses puck.
7:36 of 3rd period - Icing by Dan Girardi.
7:37 of 3rd period - Sydney Crosby wins face-off versus Henrik Sedin in Sharks zone.
7:58 of 3rd period - Sydney Crosby is hit by Dan Girardi and loses puck.
8:17 of 3rd period - Slapshot by Sergei Zubov.
8:17 of 3rd period - Shot Blocked by Dan Girardi.
9:35 of 3rd period - Snap shot by Henrik Sedin.
9:35 of 3rd period - Stopped by Maxime Daigneault without a rebound.
9:36 of 3rd period - Mikko Koivu wins face-off versus Doug Weight in Devils zone.
9:37 of 3rd period - Snap shot by Ryan Malone.
9:37 of 3rd period - Stopped by Maxime Daigneault with a rebound.
9:39 of 3rd period - Backhand shot by Mikko Koivu.
9:39 of 3rd period - Stopped by Maxime Daigneault with a rebound.
9:41 of 3rd period - Snap shot by Andrei Markov.
9:41 of 3rd period - Deflect By Peter Prucha.
9:41 of 3rd period - Stopped by Maxime Daigneault with a rebound.
9:43 of 3rd period - Slapshot by Milan Hejduk.
9:43 of 3rd period - Shot Misses the Net.
10:51 of 3rd period - Andrei Markov is hit by Raffi Torres and loses puck.
10:55 of 3rd period - Minor Penalty to Olli Jokinen for Interference.
10:56 of 3rd period - Mikko Koivu wins face-off versus Doug Weight in Devils zone.
11:05 of 3rd period - Snap shot by Milan Hejduk.
11:05 of 3rd period - Stopped by Maxime Daigneault with a rebound.
11:07 of 3rd period - Snap shot by Ryan Malone.
11:07 of 3rd period - Shot Hit the Post.
11:09 of 3rd period - Snap shot by Mikko Koivu.
11:09 of 3rd period - Shot Misses the Net.
11:11 of 3rd period - Wrist shot by Mikko Koivu.
11:11 of 3rd period - Goal by Mikko Koivu - Sharks : 3 - Devils : 4.
11:12 of 3rd period - Doug Weight wins face-off versus Mikko Koivu in neutral zone.
11:37 of 3rd period - Sydney Crosby is hit by Andrei Markov.
11:41 of 3rd period - Andrei Markov is hit by Ramzi Abid.
11:47 of 3rd period - Snap shot by Bates Battaglia.
11:47 of 3rd period - Goal by Bates Battaglia - Sharks : 4 - Devils : 4.
11:48 of 3rd period - Henrik Sedin wins face-off versus Sydney Crosby in neutral zone.
11:51 of 3rd period - Andrei Markov is hit by Sydney Crosby and loses puck.
12:04 of 3rd period - Snap shot by Marian Hossa.
12:04 of 3rd period - Stopped by Martin Biron with a rebound.
13:05 of 3rd period - Slapshot by Sergei Zubov.
13:05 of 3rd period - Shot Blocked by Dan Girardi.
13:23 of 3rd period - Dan Girardi is hit by Roman Hamrlik.
13:41 of 3rd period - Roman Hamrlik is hit by Ryan Malone and loses puck.
13:55 of 3rd period - Off-side.
13:56 of 3rd period - Benoit Pouliot wins face-off versus Mike Fisher in neutral zone.
14:03 of 3rd period - Snap shot by Benoit Pouliot.
14:03 of 3rd period - Shot Misses the Net.
14:11 of 3rd period - Lee Stempniak is hit by Vitaly Vishnevsky and loses puck.
14:19 of 3rd period - Icing by Josef Vasicek.
14:20 of 3rd period - Sydney Crosby wins face-off versus Henrik Sedin in Devils zone.
14:52 of 3rd period - Icing by Ryan Malone.
14:53 of 3rd period - Doug Weight wins face-off versus Ryan Malone in Sharks zone.
15:20 of 3rd period - Wrist shot by Milan Hejduk.
15:20 of 3rd period - Stopped by Maxime Daigneault with a rebound.
15:24 of 3rd period - Wrist shot by Milan Hejduk.
15:24 of 3rd period - Stopped by Maxime Daigneault without a rebound.
15:25 of 3rd period - Josef Vasicek wins face-off versus Tomas Fleischmann in Devils zone.
15:30 of 3rd period - Tomas Fleischmann is hit by Dmitri Kalinin and loses puck.
17:34 of 3rd period - Sergei Zubov is hit by Georges Laraque and loses puck.
18:09 of 3rd period - Ryan Malone is hit by Doug Weight and loses puck.
18:17 of 3rd period - Icing by Milan Hejduk.
18:18 of 3rd period - Josef Vasicek wins face-off versus Mike Fisher in Sharks zone.
18:25 of 3rd period - Wrist shot by Lee Stempniak.
18:25 of 3rd period - Stopped by Martin Biron with a rebound.
18:27 of 3rd period - Snap shot by Josef Vasicek.
18:27 of 3rd period - Shot Blocked by Vitaly Vishnevsky.
18:29 of 3rd period - Snap shot by Lee Stempniak.
18:29 of 3rd period - Shot Blocked by Mike Fisher.
18:31 of 3rd period - Slapshot by Chris Pronger.
18:31 of 3rd period - Shot Misses the Net.
18:45 of 3rd period - Snap shot by Georges Laraque.
18:45 of 3rd period - Shot Misses the Net.
18:47 of 3rd period - Slapshot by Andrei Markov.
18:47 of 3rd period - Stopped by Maxime Daigneault without a rebound.
18:48 of 3rd period - Henrik Sedin wins face-off versus Sydney Crosby in Devils zone.
19:13 of 3rd period - Roman Hamrlik is hit by Dan Girardi and loses puck.
19:53 of 3rd period - Radim Vrbata is hit by Sergei Zubov and loses puck.

Overtime #1


0:01 of 1st overtime period - Henrik Sedin wins face-off versus Doug Weight in neutral zone.
0:10 of 1st overtime period - Slapshot by Daniel Sedin.
0:10 of 1st overtime period - Stopped by Maxime Daigneault with a rebound.
0:42 of 1st overtime period - Snap shot by Marian Hossa.
0:42 of 1st overtime period - Stopped by Martin Biron with a rebound.
0:44 of 1st overtime period - Snap shot by Sydney Crosby.
0:44 of 1st overtime period - Stopped by Martin Biron with a rebound.
0:46 of 1st overtime period - Wrist shot by Marian Hossa.
0:46 of 1st overtime period - Shot Misses the Net.
0:48 of 1st overtime period - Slapshot by Dmitri Kalinin.
0:48 of 1st overtime period - Shot Misses the Net.
1:20 of 1st overtime period - Henrik Sedin is hit by Olli Jokinen.
1:49 of 1st overtime period - Marian Hossa is hit by Georges Laraque and loses puck.
2:08 of 1st overtime period - Roman Hamrlik is hit by Mike Fisher.
2:22 of 1st overtime period - Radim Vrbata is hit by Chris Pronger and loses puck.
3:07 of 1st overtime period - Snap shot by Marian Hossa.
3:07 of 1st overtime period - Shot Blocked by David Hale.
3:36 of 1st overtime period - Milan Hejduk is hit by Roman Hamrlik and loses puck.
3:53 of 1st overtime period - Wrist shot by Mike Fisher.
3:53 of 1st overtime period - Stopped by Maxime Daigneault without a rebound.
3:54 of 1st overtime period - Mike Fisher wins face-off versus Sydney Crosby in Devils zone.
4:07 of 1st overtime period - Slapshot by Mike Fisher.
4:07 of 1st overtime period - Shot Misses the Net.
4:47 of 1st overtime period - Daniel Sedin is hit by Dmitri Kalinin and loses puck.

ShootOut


5:00 of 1st overtime period - Penalty Shot by Henrik Sedin for Sharks.
5:00 of 1st overtime period - Backhand shot by Henrik Sedin.
5:00 of 1st overtime period - Stopped by Maxime Daigneault.
5:00 of 1st overtime period - Penalty Shot by Marian Hossa for Devils.
5:00 of 1st overtime period - Backhand shot by Marian Hossa.
5:00 of 1st overtime period - Goal by Marian Hossa.
5:00 of 1st overtime period - Penalty Shot by Daniel Sedin for Sharks.
5:00 of 1st overtime period - Deke by Daniel Sedin.
5:00 of 1st overtime period - Shot Misses the Net.
5:00 of 1st overtime period - Penalty Shot by Sydney Crosby for Devils.
5:00 of 1st overtime period - Snap shot by Sydney Crosby.
5:00 of 1st overtime period - Shot Misses the Net.
5:00 of 1st overtime period - Penalty Shot by Georges Laraque for Sharks.
5:00 of 1st overtime period - Deke by Georges Laraque.
5:00 of 1st overtime period - Shot Misses the Net.


Output by the SimonT Hockey Simulator (STHS) for François Prévost -- Original Page W3C XHTML 1.0 Valid
Hockey Simulator - Hockey Simulation - Hockey Manager